[Event "Early-Titled-Tuesday-Blitz-February-20-2024"]
[Site "Chess.com"]
[Date "2024.02.20"]
[Round "2"]
[White "blitzking1729"]
[Black "KanalSzachowy"]
[Result "0-1"]
[WhiteElo "2715"]
[BlackElo "2413"]
[TimeControl "180+1"]
[EndTime "8:16:47 PST"]
[Termination "KanalSzachowy won on time"]

1. c4 c5 2. Nf3 Nc6 3. e3 Nf6 4. Nc3 g6 5. d4 cxd4 6. exd4 d5 7. cxd5 Nxd5 8. Qb3 Nxc3 9. Bc4 Nd5 10. Bxd5 e6 11.
Bxc6+ bxc6 12. O-O Qd5 13. Qe3 Bg7 14. Bd2 O-O 15.
Rfc1 Rb8 16. Rc5 Qd8 17. Bc3 Rb5 18. Re1 Rxc5 19. dxc5 Qd5 20. a3 f6 21. h4 e5 22.
Qe2 Bg4 23. Rd1 Qf7 24. Qe4 h5 25. Qxc6 Rc8 26. Qd5 Be6 27. Qe4 Rxc5 28. Rd8+ Kh7 29. Kh2 Qc7 30. Re8 Bf7 31. Bxe5 Rxe5 32. Rxe5 fxe5 33.
Ng5+ Kg8 34. Qa8+ Bf8 35. g3 Qc2 0-1

[Event "Early-Titled-Tuesday-Blitz-February-20-2024"]
[Site "Chess.com"]
[Date "2024.02.20"]
[Round "2"]
[White "Felix-Rose"]
[Black "szachuspl"]
[Result "1-0"]
[WhiteElo "2278"]
[BlackElo "2501"]
[TimeControl "180+1"]
[EndTime "8:16:49 PST"]
[Termination "Felix-Rose won by resignation"]

1. d4 Nf6 2. c4 g6 3. Nc3 Bg7 4. e4 d6 5. h3 O-O 6. Bg5 h6 7. Be3 c5 8. d5 e6 9. Bd3 exd5 10.
exd5 Re8 11. Nf3 Rxe3+ 12. fxe3 Qe7 13. Qd2 Nbd7 14. O-O Ne5 15. Nxe5 Qxe5 16. Rf3 Bd7 17. Raf1 Rf8 18. Qf2 Nh7 19. Rxf7 Rd8 20. Bxg6 Ng5 21. Rf4 Bxh3 22. Ne4 Bd7 23. Nxg5 Qxg5 24. Bf7+ Kh8 25.
Be6 Be8 26. Rg4 Qe5 27. Qf8+ Bxf8 28. Rxf8+ Kh7 29. Bg8+ Kh8 30. Bf7+ Kh7 31. Bg8+ Kh8 32. Be6+ Kh7 33. Bf5+ Qxf5 34. Rxf5 Bg6 35. Rf6 Bh5 36. Rh4 Kg7 37. Re6 Bf7 38. Rexh6 Bg6 39. Rh3 Re8 40.
R6h4 a6 41. Rg3 1-0

[Event "Early-Titled-Tuesday-Blitz-February-20-2024"]
[Site "Chess.com"]
[Date "2024.02.20"]
[Round "2"]
[White "Jumbo"]
[Black "Attacker_2006"]
[Result "1-0"]
[WhiteElo "2816"]
[BlackElo "2403"]
[TimeControl "180+1"]
[EndTime "8:16:50 PST"]
[Termination "Jumbo won by resignation"]

1. e4 e5 2. Nf3 Nc6 3. Bb5 a6 4. Ba4 Nf6 5. O-O Nxe4 6. d4 b5 7. Bb3 d5 8. dxe5 Be6 9. Bf4 Bc5 10. Nbd2 Nxd2 11. Qxd2 Qd7 12. a4 b4 13. a5 O-O 14.
Ba4 Qe8 15. c3 Rb8 16. cxb4 Bxb4 17. Qd3 Bd7 18. Ng5 g6 19. Qxd5 Nxe5 20. Ne4 Be7 21. Qxe5 Bxa4 22. Rxa4 Qxa4 23. Qxe7 Rbe8 24. Nf6+ Kg7 25.
Nxe8+ Rxe8 26. Qxc7 Re2 27. Be5+ Kg8 28. Qd8+ 1-0

[Event "Early-Titled-Tuesday-Blitz-February-20-2024"]
[Site "Chess.com"]
[Date "2024.02.20"]
[Round "2"]
[White "LionKing2367890"]
[Black "viktorskliarov"]
[Result "0-1"]
[WhiteElo "2257"]
[BlackElo "2593"]
[TimeControl "180+1"]
[EndTime "8:16:51 PST"]
[Termination "viktorskliarov won by resignation"]

1. e4 c5 2. Nf3 Nc6 3. d4 cxd4 4. Nxd4 Nf6 5. f3 e5 6. Nb5 d6 7. c4 a6 8. N5c3 Be7 9. Be3 O-O 10. Be2 Be6 11. Na3 Nh5 12. Nd5 Bg5 13. Qd2 Bxe3 14.
Qxe3 Bxd5 15. cxd5 Nd4 16. g3 f5 17. O-O-O f4 18. Qf2 fxg3 19. hxg3 Nxg3 20. Rxd4 Nxh1 21. Qh2 exd4 22. Qxh1 Qg5+ 23. Kb1 b5 24. Nc2 Qd2 25. Qd1 Qxd1+ 26. Bxd1 d3 27. Ne3 Rac8 28. Nf5 Rxf5 29. exf5 h5 30. b3 h4 31. f4 h3 32.
Bf3 h2 0-1

[Event "Early-Titled-Tuesday-Blitz-February-20-2024"]
[Site "Chess.com"]
[Date "2024.02.20"]
[Round "2"]
[White "Hongjin"]
[Black "N_Mullodzhanov"]
[Result "1-0"]
[WhiteElo "2765"]
[BlackElo "2476"]
[TimeControl "180+1"]
[EndTime "8:16:53 PST"]
[Termination "Hongjin won on time"]

1. e4 c6 2. d4 d5 3. exd5 cxd5 4.
Nf3 Nf6 5. Ne5 Nc6 6. Bb5 Qc7 7.
O-O Bd7 8. Nxd7 Nxd7 9. Re1 e6 10. Nc3 Be7 11. Qd3 Nf6 12. Bg5 O-O 13. Rad1 a6 14.
Bxc6 bxc6 15. Bxf6 Bxf6 16. Na4 Rfb8 17. c3 g6 18. g3 Kg7 19. h4 h5 20. Qf3 Be7 21. Re2 Bd6 22. b3 Qe7 23. Qe3 a5 24. Kg2 Rb7 25. Rd3 Rab8 26. Qd2 Rb5 27. Kh2 Qxh4+ 28. Kg1 Qe7 29. Rf3 Rh8 30. c4 dxc4 31. bxc4 Rg5 32. Nc3 Bb4 33. d5 cxd5 34. cxd5 e5 35. d6 Bxc3 36. Rxc3 Qb7 37. Qxg5 Qb1+ 38. Rc1 Qf5 39. Qxf5 gxf5 40. Rxe5 Kf6 41. f4 h4 42. d7 hxg3 43. Rc8 1-0

[Event "Early-Titled-Tuesday-Blitz-February-20-2024"]
[Site "Chess.com"]
[Date "2024.02.20"]
[Round "2"]
[White "manitodeplomo"]
[Black "GOGIEFF"]
[Result "0-1"]
[WhiteElo "2645"]
[BlackElo "3029"]
[TimeControl "180+1"]
[EndTime "8:16:54 PST"]
[Termination "GOGIEFF won on time"]

1. d4 Nf6 2. c4 e6 3. Nf3 d5 4. Nc3 c6 5. Bg5 h6 6. Bxf6 Qxf6 7. e3 Nd7 8. Qc2 g6 9. O-O-O Bg7 10. Kb1 O-O 11.
h4 b5 12. cxb5 c5 13. Be2 a6 14. g4 Qe7 15. g5 h5 16. e4 axb5 17. Bxb5 Nb6 18.
Rhe1 Bb7 19. e5 Rfc8 20. Bf1 cxd4 21. Nxd4 Na4 22. Ndb5 Qb4 23. Rd4 Nxc3+ 24. Qxc3 Qe7 25. Qb4 Qd7 26. Nd6 Rcb8 27. Rc1 Bxe5 0-1

[Event "Early-Titled-Tuesday-Blitz-February-20-2024"]
[Site "Chess.com"]
[Date "2024.02.20"]
[Round "2"]
[White "Kumi29"]
[Black "Beca95"]
[Result "0-1"]
[WhiteElo "2589"]
[BlackElo "2878"]
[TimeControl "180+1"]
[EndTime "8:16:54 PST"]
[Termination "Beca95 won by resignation"]

1. d4 c5 2. e4 cxd4 3. Nf3 e5 4. Bc4 Nc6 5. c3 dxc3 6. Nxc3 Bb4 7. O-O d6 8. Ng5 Nh6 9. f4 Bg4 10. Bxf7+ Nxf7 11.
Qxg4 Nxg5 12. fxg5 Bxc3 13. bxc3 Qd7 14. Qxd7+ Kxd7 15. Rf7+ Ne7 16. Rxg7 Rag8 17. Rxg8 Rxg8 18. Be3 b6 19. h4 Rc8 20. Bd2 Rc4 21. Re1 Ke6 22. h5 Kf7 23. Kf2 Ra4 24. Ke3 d5 25. Rf1+ Kg8 26.
exd5 Nxd5+ 27. Ke2 Rxa2 28. Kd3 e4+ 29. Kxe4 Rxd2 30.
c4 Nc3+ 31. Ke5 Rxg2 32. Kf6 Ne4+ 33. Ke7 Rxg5 34. h6 Re5+ 35. Kd7 Nc5+ 36. Kd6 Re6+ 37.
Kc7 Rxh6 38. Kb8 Rg6 39. Kxa7 h5 40. Rh1 Rh6 41. Rg1+ Kh7 0-1

[Event "Early-Titled-Tuesday-Blitz-February-20-2024"]
[Site "Chess.com"]
[Date "2024.02.20"]
[Round "2"]
[White "picturesquecheck"]
[Black "chessdjw"]
[Result "0-1"]
[WhiteElo "2421"]
[BlackElo "2752"]
[TimeControl "180+1"]
[EndTime "8:16:55 PST"]
[Termination "chessdjw won by resignation"]

1. e4 e5 2. Nf3 Nc6 3. Bc4 Nf6 4.
Ng5 d5 5. exd5 Na5 6. Bb5+ Bd7 7. Qe2 Bd6 8. Nc3 O-O 9. O-O Bxb5 10. Qxb5 c6 11.
dxc6 Nxc6 12. Nf3 e4 13. Qxb7 Rc8 14. Nh4 Ng4 15. g3 f5 16. d3 exd3 17. cxd3 Nxh2 18.
Kxh2 Qxh4+ 19. Kg2 Qg4 20. Qb3+ Kh8 21. Qd1 Qg6 22.
Ne2 f4 23. f3 fxg3 24. Ng1 Nd4 25. Nh3 Rc2+ 26. Kg1 Qh5 0-1

[Event "Early-Titled-Tuesday-Blitz-February-20-2024"]
[Site "Chess.com"]
[Date "2024.02.20"]
[Round "2"]
[White "rcmz"]
[Black "Yerlan-Ra"]
[Result "0-1"]
[WhiteElo "2179"]
[BlackElo "2482"]
[TimeControl "180+1"]
[EndTime "8:16:55 PST"]
[Termination "Yerlan-Ra won on time"]

1. b4 Nf6 2. Bb2 d5 3. e3 Bf5 4. f4 e6 5. a3 h5 6. Nf3 h4 7. Be2 h3 8. g3 c5 9. b5 Nbd7 10.
Ne5 Nxe5 11. Bxe5 Bd6 12. Bb2 Ne4 13. Bxg7 Rh7 14. Bb2 Qa5 15. a4 O-O-O 16. Nc3 d4 17. exd4 cxd4 18. Nxe4 Bxe4 19. Bf3 Bxf3 20. Qxf3 Bb4 21.
Qd3 f5 22. Rf1 Rc7 23. Rf2 Kb8 24. Re2 Rdc8 25. Kd1 Rxc2 26. Qxc2 Rxc2 27. Kxc2 Qc7+ 28. Kd3 Qc5 29. Re5 Qd6 30. Rae1 Bxd2 31. Kxd2 Qb4+ 32. Kc1 d3 33. Kb1 Qxa4 34. Rxe6 Qc2+ 35. Ka1 d2 36.
Re8+ Kc7 37. R1e7+ Kb6 38. Re6+ Ka5 39. Rd8 d1=Q+ 40.
Rxd1 Qxd1+ 41. Ka2 Qd5+ 0-1

[Event "Early-Titled-Tuesday-Blitz-February-20-2024"]
[Site "Chess.com"]
[Date "2024.02.20"]
[Round "2"]
[White "akanga001"]
[Black "KorolDimitriy75"]
[Result "0-1"]
[WhiteElo "2012"]
[BlackElo "2426"]
[TimeControl "180+1"]
[EndTime "8:16:55 PST"]
[Termination "KorolDimitriy75 won by resignation"]

1. d4 Nf6 2. c4 c5 3. Nf3 cxd4 4. Nxd4 g6 5. Nc3 Bg7 6. e4 O-O 7. f3 Nc6 8. Nb3 a5 9. Be3 a4 10. Nc5 a3 11. bxa3 Qa5 12. Qd2 Nd5 13. Nxd5 Bxa1 14. Be2 e6 15. Nf4 Bc3 16. Nb3 Bxd2+ 17. Bxd2 Qxa3 18.
Nc1 Qb2 19. Be3 Ra3 20. Nfd3 Qc3+ 21. Bd2 Qxc4 22. Ne5 Qd4 23. Nxc6 dxc6 24. Bh6 Rd8 25. Rf1 e5 0-1

[Event "Early-Titled-Tuesday-Blitz-February-20-2024"]
[Site "Chess.com"]
[Date "2024.02.20"]
[Round "2"]
[White "Viktor_Poddubnyi"]
[Black "AlexTruskavetsky"]
[Result "0-1"]
[WhiteElo "2295"]
[BlackElo "2714"]
[TimeControl "180+1"]
[EndTime "8:16:57 PST"]
[Termination "AlexTruskavetsky won on time"]

1. e4 c5 2. Nf3 Nc6 3. d4 cxd4 4. Nxd4 Nf6 5. Nc3 e6 6. Ndb5 Bb4 7. a3 Bxc3+ 8. Nxc3 d5 9. exd5 exd5 10. Bd3 O-O 11.
O-O h6 12. h3 d4 13. Ne4 Nd5 14. Qf3 f5 15. Nc5 Ne5 16. Qd1 f4 17. Re1 Qc7 18.
Nb3 f3 19. Nxd4 Nf4 20. Nb5 Qe7 21. Bc4+ Kh8 22. Bxf4 Rxf4 23. Rxe5 Qxe5 24. Qd8+ Kh7 25. Bg8+ Kg6 26. Nc7 Rb8 27. Nd5 Re4 28. gxf3 Re1+ 29.
Rxe1 Qxe1+ 0-1

[Event "Early-Titled-Tuesday-Blitz-February-20-2024"]
[Site "Chess.com"]
[Date "2024.02.20"]
[Round "2"]
[White "jimmy-schlumpf"]
[Black "Ural_bogatyr"]
[Result "0-1"]
[WhiteElo "2338"]
[BlackElo "2588"]
[TimeControl "180+1"]
[EndTime "8:16:57 PST"]
[Termination "Ural_bogatyr won by resignation"]

1. Nf3 d5 2. g3 Nf6 3. Bg2 e6 4. O-O Be7 5. d4 O-O 6. c4 dxc4 7. Ne5 Nc6 8. Bxc6 bxc6 9. Nxc6 Qe8 10. Qa4 Bd6 11. Qxc4 a5 12. Ne5 Ba6 13. Qc2 Nd5 14. Nc3 f6 15. Nf3 Qh5 16. Bd2 g5 17. Qe4 Qf7 18.
Bxg5 fxg5 19. Nxg5 Qf5 20. Qxe6+ Qxe6 21. Nxe6 Nxc3 22. Nxf8 Nxe2+ 23. Kg2 Rxf8 24. Rad1 Rb8 25. Rd2 Bb4 26. Rc2 Nxd4 27. Rxc7 Bxf1+ 28. Kxf1 Bf8 29. b3 Ra8 30. f4 a4 31. Rc4 axb3 32. axb3 Nxb3 33.
Ke2 Ra2+ 34. Kf3 Nd2+ 0-1

[Event "Early-Titled-Tuesday-Blitz-February-20-2024"]
[Site "Chess.com"]
[Date "2024.02.20"]
[Round "2"]
[White "IriBu"]
[Black "AlexeiShirov"]
[Result "1-0"]
[WhiteElo "2588"]
[BlackElo "2840"]
[TimeControl "180+1"]
[EndTime "8:16:58 PST"]
[Termination "IriBu won by resignation"]

1. e4 e5 2. Nf3 Nc6 3. d4 exd4 4. Nxd4 Qf6 5. Be3 Bc5 6. c3 Nge7 7. Bc4 b6 8. Na3 Nxd4 9. Bxd4 Bxd4 10.
cxd4 Bb7 11. f3 d5 12. Bb5+ c6 13. e5 Qg5 14. Bf1 c5 15. Nc2 cxd4 16. Bb5+ Bc6 17. Bxc6+ Nxc6 18. O-O O-O 19. f4 Qe7 20. Rf3 f6 21.
exf6 Qxf6 22. Qd3 Rae8 23. Rd1 Re4 24. Qb3 Qe6 25. Qb5 Rfxf4 26. Rxf4 Rxf4 27. Qd3 Ne5 28. Nxd4 Qg4 29. Qb3 Rxd4 30. Re1 Qe6 31. Qc3 Re4 32.
Rf1 Qe7 33. Qc8+ 1-0

[Event "Early-Titled-Tuesday-Blitz-February-20-2024"]
[Site "Chess.com"]
[Date "2024.02.20"]
[Round "2"]
[White "MaxLeto"]
[Black "Hope_6"]
[Result "1-0"]
[WhiteElo "2575"]
[BlackElo "2789"]
[TimeControl "180+1"]
[EndTime "8:16:59 PST"]
[Termination "MaxLeto won by resignation"]

1. g4 d5 2. Bg2 c6 3. h3 Nf6 4.
d4 h6 5. Nf3 Nbd7 6. c3 e6 7. Bf4 c5 8. O-O Be7 9. e3 O-O 10. Nbd2 c4 11. b3 b5 12. a4 b4 13.
bxc4 bxc3 14. Nb1 Ba6 15. c5 Bxf1 16. Bxf1 Ne4 17. Qc2 Qa5 18. Ra3 g5 19. Bh2 Ndf6 20.
Ne5 Rab8 21. Nc6 Nd2 22. Nxc3 Nb1 23. Nxa5 Nxa3 24. Qa2 Rb4 25. Qxa3 1-0

[Event "Early-Titled-Tuesday-Blitz-February-20-2024"]
[Site "Chess.com"]
[Date "2024.02.20"]
[Round "2"]
[White "AmanteDeMoi"]
[Black "Lukianoo"]
[Result "0-1"]
[WhiteElo "2600"]
[BlackElo "2900"]
[TimeControl "180+1"]
[EndTime "8:17:00 PST"]
[Termination "Lukianoo won on time"]

1. Nf3 Nf6 2. e3 e6 3. b3 c5 4. Bb2 d5 5. Be2 Nc6 6. O-O Be7 7. d4 cxd4 8. Nxd4 O-O 9. Nxc6 bxc6 10. c4 Ba6 11.
Qc2 Rb8 12. Rd1 Qb6 13. Nd2 Rfd8 14. c5 Qb7 15. Bxa6 Qxa6 16. Nf3 Nd7 17. Bd4 f6 18. e4 e5 19. exd5 cxd5 20. c6 Rbc8 21. c7 Re8 22. Be3 d4 23. Rac1 Ba3 24. Qc4+ Qxc4 25. Rxc4 Nb6 26. Rc6 dxe3 27. fxe3 Kf7 28. Rd2 Re7 29.
Rdc2 Nd5 30. Rd2 Nb4 31. Rc5 Rcxc7 32. Ra5 Bc1 33. Re2 Red7 34. Kf2 Rc3 35. e4 Nd3+ 36. Kg3 Nf4 37. Rf2 Be3 38. Rf1 Bb6 39. Ra4 Rd2 40. Rg1 Bxg1 41. Rxa7+ Bxa7 42. Kh4 Nxg2+ 43. Kh5 Rxf3 44. h4 Rg3 0-1

[Event "Early-Titled-Tuesday-Blitz-February-20-2024"]
[Site "Chess.com"]
[Date "2024.02.20"]
[Round "2"]
[White "fitod"]
[Black "ShieldingOff"]
[Result "0-1"]
[WhiteElo "2410"]
[BlackElo "2170"]
[TimeControl "180+1"]
[EndTime "8:17:00 PST"]
[Termination "ShieldingOff won by checkmate"]

1. e4 d6 2. d4 Nd7 3. Nc3 e5 4. Nf3 Ngf6 5. Be2 Be7 6. O-O c6 7.
Re1 Qc7 8. a4 h6 9. h3 g5 10.
Be3 Nf8 11. Qd2 Ng6 12. Rad1 Nf4 13. b4 a5 14. b5 Rg8 15. bxc6 bxc6 16. d5 c5 17.
Bb5+ Kf8 18. Bc6 Rb8 19. Nb5 Qd8 20. Nxe5 Nxe4 21. Qc1 dxe5 22. Bxf4 gxf4 23. Rxe4 Bxh3 24. Rxe5 Rxg2+ 25. Kh1 Bg5 26. Rde1 Qf6 27. Qa3 f3 28. Qxc5+ Kg7 29. Qd4 Rg4 30. Rxg5+ hxg5 31. Qxf6+ Kxf6 32. Re8 Rxe8 33. Bxe8 Rg2 34. d6 Rxf2 35. d7 Ke7 36.
Nd4 Bxd7 37. Bxd7 Kxd7 38. c4 g4 39. c5 Rd2 40. Nf5 Kc6 41. Ne3 g3 42. Nc4 Rd1# 0-1

[Event "Early-Titled-Tuesday-Blitz-February-20-2024"]
[Site "Chess.com"]
[Date "2024.02.20"]
[Round "2"]
[White "Alexander_Donchenko"]
[Black "HATilay"]
[Result "0-1"]
[WhiteElo "2923"]
[BlackElo "2630"]
[TimeControl "180+1"]
[EndTime "8:17:01 PST"]
[Termination "HATilay won by checkmate"]

1. Nf3 Nf6 2. c4 e6 3. g3 d5 4.
Bg2 Be7 5. O-O O-O 6. d4 dxc4 7. Qc2 a6 8. a4 Bd7 9. Qxc4 Bc6 10. Bf4 Bd6 11. Qc1 Nbd7 12. Nc3 b5 13. Rd1 Qb8 14. Ne5 Bxg2 15. Kxg2 Qb7+ 16. f3 b4 17. Nxd7 Nxd7 18. Ne4 Qd5 19. Nxd6 cxd6 20. e4 Qb3 21. Bxd6 Rfc8 22.
Bc5 e5 23. Qd2 exd4 24. Qxd4 Nxc5 25. Rac1 Ne6 26. Rxc8+ Rxc8 27. Qd7 Qc2+ 28. Rd2 Qc6 29. Qxc6 Rxc6 30. Kf2 g5 31. Ke3 Rc1 32. Rd6 Rc2 33.
Rxa6 Rxb2 34. Rb6 b3 35. h4 gxh4 36. gxh4 Rb1 37. a5 Nc5 38. a6 Nxa6 39. Kf4 Nc5 40.
Kf5 Kg7 41. h5 h6 42. Rb5 Nd3 43. e5 b2 44. Rb3 Rd1 45. e6 fxe6+ 46. Kxe6 Nc5+ 47.
Ke7 Nxb3 48. f4 b1=Q 49. f5 Qe4# 0-1

[Event "Early-Titled-Tuesday-Blitz-February-20-2024"]
[Site "Chess.com"]
[Date "2024.02.20"]
[Round "2"]
[White "Grandelicious"]
[Black "Rozhkov_V"]
[Result "1-0"]
[WhiteElo "2887"]
[BlackElo "2406"]
[TimeControl "180+1"]
[EndTime "8:17:01 PST"]
[Termination "Grandelicious won by resignation"]

1. d4 d5 2. Nf3 Nf6 3. c3 c6 4. Bf4 Bf5 5. Nh4 Bd7 6. Nd2 Nh5 7. Bg3 g6 8. e4 dxe4 9. Nxe4 Nxg3 10. hxg3 Bg7 11.
Bc4 Qc8 12. Ng5 f6 13. Ne4 Be6 14. Qb3 Bxc4 15. Qxc4 Nd7 16. Qe6 Qc7 17. O-O-O Nf8 18. Qb3 O-O-O 19. Qf7 e6 20. Qxc7+ Kxc7 21. Rde1 Nd7 22.
Kc2 Rhe8 23. Nf3 h6 24. g4 f5 25. gxf5 exf5 26. Ned2 g5 27. Nc4 b5 28. Ne3 Rf8 29.
Nd2 Rf7 30. a4 a6 31. axb5 axb5 32. Ra1 Kb7 33. Nb3 Re8 34. Rhe1 Rff8 35. Na5+ Kc7 36. d5 f4 37. Ng4 Rxe1 38. Rxe1 cxd5 39. Re6 Nb6 40.
Re7+ Kd6 41. Rxg7 Re8 42. Rg6+ Kc7 43. Rc6+ 1-0

[Event "Early-Titled-Tuesday-Blitz-February-20-2024"]
[Site "Chess.com"]
[Date "2024.02.20"]
[Round "2"]
[White "gpsji27"]
[Black "Capablanca_Oujda_2021"]
[Result "0-1"]
[WhiteElo "2304"]
[BlackElo "2532"]
[TimeControl "180+1"]
[EndTime "8:17:01 PST"]
[Termination "Capablanca_Oujda_2021 won by resignation"]

1. d4 g6 2. e4 Bg7 3. Nc3 e6 4. Nf3 Ne7 5. Bg5 O-O 6. Be2 b6 7. Qd2 Bb7 8. O-O-O d5 9. e5 c5 10. h4 cxd4 11. Nxd4 Re8 12. f4 a6 13. h5 Nbc6 14. hxg6 hxg6 15. Bg4 Qc7 16. Nxe6 fxe6 17. Bxe6+ Kf8 18.
f5 Nxf5 19. Nxd5 Qxe5 20. c3 Rxe6 21. g4 Nfe7 22. Rhf1+ Ke8 23. Nxe7 Rxe7 24. Bxe7 Qxe7 25. Rfe1 Ne5 26. Kb1 Rd8 27. Qc2 Rxd1+ 28. Qxd1 Qd7 29. Qc2 Kd8 30. Rd1 Bd5 31. c4 Nxc4 0-1

[Event "Early-Titled-Tuesday-Blitz-February-20-2024"]
[Site "Chess.com"]
[Date "2024.02.20"]
[Round "2"]
[White "Ready4abattle"]
[Black "jeetjain"]
[Result "0-1"]
[WhiteElo "2258"]
[BlackElo "2513"]
[TimeControl "180+1"]
[EndTime "8:17:01 PST"]
[Termination "jeetjain won by resignation"]

1. e4 c6 2. d4 d5 3. e5 Bf5 4. Nd2 e6 5. Nb3 Nd7 6. Nf3 Ne7 7. Bd2 Ng6 8. a4 Be7 9. a5 O-O 10. Be2 c5 11. c4 dxc4 12. Bxc4 cxd4 13. Nbxd4 Ndxe5 14.
Nxe5 Nxe5 15. Nxf5 Nxc4 16. Nxe7+ Qxe7 17. Bc3 Rad8 18. Qb3 Qc7 19. O-O Rd5 20. Ra4 Nd6 21. Rg4 Nf5 22. h3 Rfd8 23. Re1 h5 24. Rc4 Qd7 25.
Rb4 Nd6 26. g3 Nb5 27. Rh4 Nxc3 28. bxc3 Rxa5 29. Rb1 b6 30. Qb4 Rd5 31. Kh2 Qc6 32.
Re1 Rd1 0-1

[Event "Early-Titled-Tuesday-Blitz-February-20-2024"]
[Site "Chess.com"]
[Date "2024.02.20"]
[Round "2"]
[White "Matols"]
[Black "profedechess93"]
[Result "0-1"]
[WhiteElo "2373"]
[BlackElo "2650"]
[TimeControl "180+1"]
[EndTime "8:17:03 PST"]
[Termination "profedechess93 won by resignation"]

1. d4 d5 2. c4 c6 3. Nf3 Nf6 4.
Qb3 dxc4 5. Qxc4 Bg4 6. Nc3 Nbd7 7. e4 e5 8. Be3 Qa5 9. O-O-O Nb6 10. Qb3 exd4 11.
Bxd4 Be6 12. Qc2 Be7 13. Bd3 O-O-O 14. Kb1 Nc4 15. Bxc4 Bxc4 16. Ne5 Be6 17. f4 Nd7 18. Nd3 f6 19. Bf2 Nb6 20. Rc1 Nc4 21. Rhd1 Kb8 22.
Na4 Ka8 23. Bc5 Bxc5 24. Ndxc5 Bf7 25. Qc3 Qb5 26. Qb3 Nd2+ 27. Rxd2 Bxb3 0-1

[Event "Early-Titled-Tuesday-Blitz-February-20-2024"]
[Site "Chess.com"]
[Date "2024.02.20"]
[Round "2"]
[White "VladimirBugayev"]
[Black "GameOverBro"]
[Result "0-1"]
[WhiteElo "2264"]
[BlackElo "2517"]
[TimeControl "180+1"]
[EndTime "8:17:03 PST"]
[Termination "GameOverBro won on time"]

1. e4 d6 2. Nc3 Nf6 3. Bc4 c6 4.
Bb3 Nbd7 5. d3 Nc5 6. f4 Nxb3 7. axb3 d5 8. e5 Ng4 9. h3 Nh6 10. g4 e6 11. Nf3 f6 12. d4 c5 13. Ne2 cxd4 14. Nexd4 fxe5 15. Nxe5 Qh4+ 16. Ke2 Bd6 17. Ndf3 Qe7 18. Be3 a5 19. c3 O-O 20. b4 b6 21. Qd4 Ba6+ 22. Kd2 axb4 23. cxb4 Bxb4+ 24.
Kd1 Bc5 25. Qd2 Nf7 26. Nc6 Qc7 27. Ncd4 Rfe8 28. Rc1 Qd6 29. Nb3 Rac8 30. Nxc5 bxc5 31. Qa5 Bc4 32. Qd2 Bb3+ 33. Ke1 d4 34. Bf2 e5 35. fxe5 Nxe5 36. Nxe5 Rxe5+ 37. Kf1 Rf8 38. Kg1 Bd5 39. Rh2 Qe7 40. b4 Re2 41. Qd3 Rf3 42.
Qa6 Qe4 43. Qc8+ Rf8 44. Qxc5 Rfxf2 45. Qxd5+ Qxd5 0-1

[Event "Early-Titled-Tuesday-Blitz-February-20-2024"]
[Site "Chess.com"]
[Date "2024.02.20"]
[Round "2"]
[White "nj123456"]
[Black "Navyblue1"]
[Result "1-0"]
[WhiteElo "2453"]
[BlackElo "2134"]
[TimeControl "180+1"]
[EndTime "8:17:03 PST"]
[Termination "nj123456 won on time"]

1. e4 c5 2. c3 Nf6 3. e5 Nd5 4. d4 cxd4 5. Nf3 d6 6. cxd4 Nc6 7. Bc4 Nb6 8. Bb5 e6 9. O-O Bd7 10. Nc3 a6 11. Bd3 Be7 12. Qe2 Nb4 13. Bb1 N4d5 14. Ne4 dxe5 15. Nxe5 Bb5 16. Qf3 O-O 17. Rd1 Rc8 18. Qh3 f5 19. Nc3 Nxc3 20. bxc3 Rxc3 21. Qxc3 Nd5 22. Qe1 Qb6 23. a4 Be8 24. Ba2 Bh5 25.
f3 Bb4 26. Qf2 Bc3 27. Rb1 Qa5 28. Ba3 Rc8 29. Bc5 b6 30. Bxd5 exd5 31. Bxb6 Qxa4 32.
Bc5 Be8 33. h3 Ba5 34. Ra1 1-0

[Event "Early-Titled-Tuesday-Blitz-February-20-2024"]
[Site "Chess.com"]
[Date "2024.02.20"]
[Round "2"]
[White "DKmirl"]
[Black "Nouali_Mohamed"]
[Result "0-1"]
[WhiteElo "2321"]
[BlackElo "2542"]
[TimeControl "180+1"]
[EndTime "8:17:04 PST"]
[Termination "Nouali_Mohamed won on time"]

1. d4 Nf6 2. Nf3 g6 3. g3 Bg7 4. Bg2 O-O 5. O-O d6 6. Nc3 Nbd7 7. e4 e5 8. Be3 exd4 9. Bxd4 Re8 10. Re1 c6 11.
Qd2 Qc7 12. Rad1 Ne5 13. b3 Bg4 14. Qf4 c5 15. Bxe5 dxe5 16. Qe3 Rad8 17. Nd5 Nxd5 18.
exd5 e4 19. h3 Bxf3 20. Bxf3 Bd4 21. Qxe4 Qxg3+ 22. Kh1 Qxh3+ 23. Kg1 Rxe4 24. Bxe4 Qg3+ 25. Kh1 Qh4+ 26. Kg1 Qxf2+ 27. Kh1 Re8 28. d6 Rxe4 29. Rxe4 Qf3+ 30. Kh2 Qxe4 31. d7 Qe2+ 32. Kh1 Qxd1+ 33. Kg2 Qe2+ 0-1

[Event "Early-Titled-Tuesday-Blitz-February-20-2024"]
[Site "Chess.com"]
[Date "2024.02.20"]
[Round "2"]
[White "KerryStead"]
[Black "rubicapa"]
[Result "0-1"]
[WhiteElo "2033"]
[BlackElo "2437"]
[TimeControl "180+1"]
[EndTime "8:17:04 PST"]
[Termination "rubicapa won on time"]

1. d4 Nf6 2. f3 g6 3. e4 Bg7 4.
Be3 d6 5. Qd2 Nbd7 6. Ne2 O-O 7.
a4 e5 8. d5 Nh5 9. Na3 Nc5 10.
b3 Bd7 11. g4 Nf4 12. Ng3 c6 13. dxc6 Bxc6 14. O-O-O Qc8 15. Qxd6 Nce6 16. Nc4 Rd8 17. Qb4 Nd4 18. Bxd4 exd4 19. Bd3 Qc7 20. Qe1 b5 21.
axb5 Bxb5 22. Nb2 Nxd3+ 23. Nxd3 a5 24. Ne2 a4 25. b4 a3 26. Qg3 Qc4 27. Nef4 Rdc8 0-1

[Event "Early-Titled-Tuesday-Blitz-February-20-2024"]
[Site "Chess.com"]
[Date "2024.02.20"]
[Round "2"]
[White "Cubitas"]
[Black "FairChess_on_YouTube"]
[Result "0-1"]
[WhiteElo "2668"]
[BlackElo "3070"]
[TimeControl "180+1"]
[EndTime "8:17:05 PST"]
[Termination "FairChess_on_YouTube won on time"]

1. e4 c5 2. Nc3 Nc6 3. f4 e6 4. Nf3 d5 5. Bb5 Ne7 6. Qe2 d4 7. Nd1 a6 8. Bxc6+ Nxc6 9. d3 Be7 10. O-O O-O 11. Nf2 b5 12. e5 Nb4 13. Ne4 Bb7 14.
a3 Nd5 15. Bd2 Rc8 16. c4 dxc3 17. bxc3 Qd7 18. c4 Nb6 19. Ba5 Na4 20. Rab1 Bc6 21. Rfd1 Rb8 22. d4 bxc4 23. Rxb8 Rxb8 24. dxc5 Bd5 25.
Bb4 a5 26. c6 Qa7+ 27. Qf2 Qxf2+ 28. Kxf2 axb4 29. c7 Rc8 30. Nd6 Rxc7 31. axb4 c3 32. Nd4 Nb2 33. Ra1 c2 34. Nc6 Bxc6 0-1

[Event "Early-Titled-Tuesday-Blitz-February-20-2024"]
[Site "Chess.com"]
[Date "2024.02.20"]
[Round "2"]
[White "K_A_S_T_O_R"]
[Black "jaskol95"]
[Result "0-1"]
[WhiteElo "2848"]
[BlackElo "2593"]
[TimeControl "180+1"]
[EndTime "8:17:05 PST"]
[Termination "jaskol95 won by resignation"]

1. e4 e6 2. d4 d5 3. Nc3 Bb4 4. e5 Ne7 5. Bd2 b6 6. Bb5+ c6 7. Bd3 Ba6 8. Bxa6 Nxa6 9. Nce2 Bxd2+ 10. Qxd2 c5 11. c3 Qd7 12. Nf3 h6 13. O-O O-O 14. Nf4 Rac8 15. Nh5 Ng6 16. Rfe1 Rc7 17. g3 Rfc8 18. Re2 cxd4 19. Nxd4 Nc5 20. f3 b5 21. Rd1 a5 22. a3 Rb8 23. Kg2 Rcb7 24. g4 b4 25. cxb4 axb4 26. Rc1 bxa3 27. bxa3 Nb3 28. Nxb3 Rxb3 29. Rc3 Qa4 30. Qc1 Rb1 31. Qc2 Qd4 32.
Rd3 Qg1+ 33. Kh3 Rf1 34. Rg2 Qh1 35. Kg3 Rg1 36. Rd2 Rxg2+ 37. Rxg2 Qe1+ 38. Rf2 Qxe5+ 39. f4 Qe3+ 40. Rf3 Qg1+ 41. Kh3 Qe1 42. Qc3 Qh4+ 43. Kg2 f6 44. h3 Kh7 45. Qc2 d4 46. f5 Ne5 47.
fxe6+ d3 48. Rxd3 Nxd3 49. Qxd3+ Kg8 50. e7 Rb2+ 51. Kh1 Qe1+ 0-1